 Dungeon Crawl Stone Soup version 0.25-a0-707-g603da076d2 (webtiles) character file.

Game seed: 17300813198932615897, levelgen mode: deterministic

2308 Amnesiac the Frost Mage (level 9, 0/50 HPs)
             Began as a Deep Elf Wizard on Apr 5, 2020.
             Was an Initiate of Vehumet.
             Slain by an orc warrior
             ... wielding a +0 dire flail
              (6 damage)
             ... on level 6 of the Dungeon.
             The game lasted 00:13:23 (6974 turns).

Amnesiac the Frost Mage (Deep Elf Wizard)           Turns: 6974, Time: 00:13:23

Health: 0/50       AC:  9    Str:  6    XL:     9   Next: 18%
Magic:  7/23       EV: 12    Int: 30    God:    Vehumet [......]
Gold:   258        SH:  0    Dex: 13    Spells: 5/24 levels left

rFire    + . .     SeeInvis .   a - +2 falchion (drain)
rCold    + . .     Gourm    .   (no shield)
rNeg     . . .     Faith    .   z - +3 leather armour {rF+}
rPois    .         Spirit   .   k - +0 helmet
rElec    .         Reflect  .   o - +0 cloak
rCorr    .         Harm     .   (no gloves)
MR       +....                  x - +0 pair of boots "Xoboguq" {Str+2 Int+3} (curse)
Stlth    ++........             (no amulet)
HPRegen  0.16/turn              n - ring of protection from magic
MPRegen  0.18/turn              p - ring of protection from cold

@: very slightly contaminated
A: no striking features
a: Renounce Religion


You were on level 6 of the Dungeon.
You worshipped Vehumet.
Vehumet was noncommittal.
You were not hungry.

You visited 2 branches of the dungeon, and saw 8 of its levels.

You collected 258 gold pieces.

Inventory:

Hand Weapons
 a - a +2 falchion of draining (weapon)
Missiles
 f - 6 javelins (quivered)
Armour
 k - a +0 helmet (worn)
 o - a +0 cloak (worn)
 x - the cursed +0 pair of boots "Xoboguq" (worn) {Str+2 Int+3}
   (You found it on level 5 of the Dungeon)

   It affects your strength (+2).
   It affects your intelligence (+3).
   It has a curse placed upon it.
 z - a +3 leather armour of fire resistance (worn)
Jewellery
 n - a ring of protection from magic (left hand)
 p - a ring of protection from cold (right hand)
Wands
 c - a wand of flame (17)
 s - a wand of random effects (12)
Scrolls
 g - a scroll of fog {!r, unknown}
 m - 2 scrolls of enchant armour {!r}
 r - a scroll of remove curse {!r}
 t - 3 scrolls of identify {!r}
 u - a scroll of immolation {!r, unknown}
 v - a scroll of magic mapping {!r, unknown}
 y - a scroll of teleportation {!r, unknown}
Potions
 b - a potion of ambrosia {!q}
 e - 2 potions of brilliance {!q, unknown}
 h - a potion of lignification {!q}
 i - a potion of flight {!q}
 j - a potion of magic {!q}
 l - a potion of mutation {!q}
 q - 2 potions of heal wounds {!q, unknown}
 w - 2 potions of curing {!q, unknown}
 A - a potion of might {!q, unknown}
Comestibles
 d - 10 rations


   Skills:
 - Level 3.0 Fighting
 - Level 2.4 Dodging
 - Level 2.4 Stealth
 - Level 8.0 Spellcasting
 - Level 1.1 Conjurations
 - Level 1.1 Summonings
 - Level 1.1 Translocations
 * Level 9.8 Ice Magic
 - Level 5.0 Air Magic


You had 5 spell levels left.
You knew the following spells:

 Your Spells              Type           Power        Failure   Level  Hunger
a - Airstrike             Air            #####.....   9%          4    #......
b - Call Imp              Summ           ###.....     6%          2    None
c - Summon Ice Beast      Ice/Summ       #####...     7%          4    #......
d - Magic Dart            Conj           ###.         4%          1    None
e - Mephitic Cloud        Conj/Pois/Air  ###.....     9%          3    None
s - Conjure Flame         Conj/Fire      ###.....     16%         3    None
v - Blink                 Tloc           N/A          6%          2    None

Your spell library contained the following spells:

 Spells                   Type           Power        Failure   Level  Hunger
 Freeze                   Ice            ####         1%          1    None
 Shock                    Conj/Air       ####         1%          1    None
 Frozen Ramparts          Ice            ######       1%          3    None
 Ozocubu's Armour         Chrm/Ice       #####...     2%          3    None
 Swiftness                Chrm/Air       ####....     3%          2    None
 Static Discharge         Conj/Air       ####....     6%          3    None
 Hailstorm                Conj/Ice       #####...     7%          4    #......
 Slow                     Hex            ##......     10%         2    None
 Lightning Bolt           Conj/Air       ####......   47%         5    ####...


Dungeon Overview and Level Annotations

Branches:
Dungeon (7/15)             Temple (1/1) D:4

Altars:
Ashenzari
Cheibriados
Dithmenos
Elyvilon
Fedhas
Gozag
Hepliaklqana
Makhleb
Nemelex Xobeh
Okawaru
Qazlal
Ru
Sif Muna
Trog
Uskayaw
Vehumet
Wu Jian
Xom
Yredelemnul
Zin

Shops:
D:4 %   D:6 !


Message History

The orc wizard gestures wildly while chanting.
The orc wizard seems to speed up.
You climb upwards.
There is a stone staircase leading down here.
All of the chunks of flesh in your inventory have rotted away.
The orc warrior barely misses you.
You riposte.
You hit the orc warrior but do no damage.
The orc warrior is moderately wounded.
Okay, then.
Casting: Airstrike (safe; 9% risk of failure)
Confirm with . or Enter, or press ? or * to list all spells.
You don't know that spell.
Unknown command.
Casting: Airstrike (safe; 9% risk of failure)
Confirm with . or Enter, or press ? or * to list all spells.
You don't know that spell.
Unknown command.
Casting: Airstrike (safe; 9% risk of failure)
Confirm with . or Enter, or press ? or * to list all spells.
Okay, then.
Unknown command.
Unknown command.
The orc warrior hits you with a +0 dire flail.
The orc warrior misses you.
You riposte.
You barely miss the orc warrior.
The orc warrior is lightly wounded.
Things that are here:
a +0 robe; a +0 rapier
Casting: Airstrike (safe; 9% risk of failure)
Confirm with . or Enter, or press ? or * to list all spells.
Aiming: Airstrike (safe; 9% risk of failure)
Press: ? - help, Dir - move target cursor, f - orc warrior
Aim: an orc warrior, wielding a +0 dire flail and wearing a cursed +0 chain mail The air twists around and strikes the orc warrior!
The orc warrior is moderately wounded.
The orc warrior hits you with a +0 dire flail.
Casting: Airstrike (safe; 9% risk of failure)
Confirm with . or Enter, or press ? or * to list all spells.
Aiming: Airstrike (safe; 9% risk of failure)
Press: ? - help, Dir - move target cursor, f/p - orc warrior
Aim: an orc warrior, wielding a +0 dire flail and wearing a cursed +0 chain mail (moderately wounded)
The air twists around and strikes the orc warrior.
The orc warrior is heavily wounded.
The orc warrior hits you with a +0 dire flail!!
* * * LOW HITPOINT WARNING * * *
Casting: Airstrike (safe; 9% risk of failure)
Confirm with . or Enter, or press ? or * to list all spells.
Aiming: Airstrike (safe; 9% risk of failure)
Press: ? - help, Dir - move target cursor, f/p - orc warrior
Aim: an orc warrior, wielding a +0 dire flail and wearing a cursed +0 chain mail (heavily wounded)
The air twists around and strikes the orc warrior!
The orc warrior is severely wounded.
The orc warrior hits you with a +0 dire flail!
* * * LOW HITPOINT WARNING * * *
Unknown command.
Casting: Airstrike (safe; 9% risk of failure)
Confirm with . or Enter, or press ? or * to list all spells.
Aiming: Airstrike (safe; 9% risk of failure)
Press: ? - help, Dir - move target cursor, f/p - orc warrior
Aim: an orc warrior, wielding a +0 dire flail and wearing a cursed +0 chain mail (severely wounded)
You miscast Airstrike.
You are very lightly contaminated with residual magic.
The wind howls around you!
The orc warrior hits you with a +0 dire flail.
You die...

...## #...............##..####...
...# ##.......##.........# #...
...# ##.#.#.####......#.# ##...
.).#####..###.##.#.....######....
....##.................#.###..<..
....#.......##.#...##............
.......###.######..##............
.....#####..#.###.###....#.......
.....###.#....##@.# #............
......#...#(...o..# ##.........##
.......#..#...#.#####...#......#
.......##...#.### #......##..##
..##.##..#.##..# #.......####
.######..#..#.######.........# ##
#...........##.........### #
#...##.#.#..#........#.#
#...........♣#.......###


You could see an orc warrior.

Vanquished Creatures
  Grinder (D:3)
  Eustachio (D:6)
  A sky beast (D:6)
  A black bear (D:5)
  An ice beast (D:5)
  A necrophage (D:6)
  Blork the orc (D:6)
  6 bullfrogs
  A water moccasin zombie (D:6)
  2 scorpions
  3 killer bees
  A wight (D:7)
  4 crimson imps
  2 hounds
  4 orc wizards
  3 orc priests
  2 bullfrog skeletons
  An iguana (D:6)
  5 worker ants
  2 hound skeletons
  A worker ant zombie (D:6)
  9 adders
  An ooze (D:5)
  An adder zombie (D:5)
  2 worms (D:3)
  3 dart slugs
  2 leopard geckos
  15 orcs
  4 giant cockroaches
  9 goblins
  5 hobgoblins
  2 jackals (D:6)
  2 quokkas
  3 ball pythons
  8 bats
  2 frilled lizards
  A giant cockroach zombie (D:5)
  10 kobolds
  9 rats
132 creatures vanquished.

Vanquished Creatures (collateral kills)
  An orc wizard (D:3)
  2 worms (D:2)
  4 orcs (D:3)
7 creatures vanquished.

Grand Total: 139 creatures vanquished

Notes
Turn   | Place    | Note
-------+----------+-------------------------------------------
     0 | D:1      | Amnesiac the Deep Elf Wizard began the quest for the Orb.
     0 | D:1      | Reached XP level 1. HP: 10/10 MP: 7/7
     0 | D:1      | Noticed a troll
     0 | D:1      | Noticed a naga
     1 | D:1      | Noticed a vine stalker
     1 | D:1      | Noticed a dwarf
     4 | D:1      | Noticed an octopode
     6 | D:1      | Noticed an elf
     7 | D:1      | Noticed an ogre
     9 | D:1      | Noticed a human
    11 | D:1      | Noticed a centaur
    13 | D:1      | Noticed an elf
    13 | D:1      | Noticed a naga
    15 | D:1      | Noticed a centaur
    15 | D:1      | Noticed a spriggan
    15 | D:1      | Noticed a felid
    36 | D:1      | Noticed a dwarf
    41 | D:1      | Noticed an elf
   112 | D:1      | Reached skill level 5 in Spellcasting
   164 | D:1      | Reached XP level 2. HP: 15/15 MP: 2/10
   168 | D:1      | Learned a level 2 spell: Blink
   171 | D:1      | Learned a level 2 spell: Call Imp
   880 | D:2      | Reached XP level 3. HP: 19/19 MP: 9/12
   885 | D:2      | Learned a level 3 spell: Conjure Flame
   889 | D:2      | Learned a level 3 spell: Mephitic Cloud
  1058 | D:2      | Reached XP level 4. HP: 24/24 MP: 8/14
  2029 | D:3      | Reached XP level 5. HP: 28/28 MP: 2/17
  2268 | D:3      | Noticed Grinder
  2269 | D:3      | Paralysed by Grinder for 6 turns
  2310 | D:4      | Learned a level 4 spell: Airstrike
  2401 | D:4      | Reached skill level 1 in Air Magic
  2463 | D:4      | Found Nusmi's Food Shop.
  2669 | D:5      | Entered Level 5 of the Dungeon
  2861 | D:4      | Reached XP level 6. HP: 32/32 MP: 1/19
  3192 | D:3      | Killed Grinder
  3192 | D:3      | Reached skill level 5 in Air Magic
  3479 | D:4      | Reached skill level 1 in Fighting
  3479 | D:4      | Reached XP level 7. HP: 38/38 MP: 9/20
  3591 | D:4      | Found a staircase to the Ecumenical Temple.
  3635 | Temple   | Entered the Ecumenical Temple
  3915 | D:5      | Learned a level 4 spell: Summon Ice Beast
  3971 | D:5      | Reached skill level 1 in Ice Magic
  4088 | D:5      | You fall into a shaft and drop 1 floor!
  4274 | D:5      | Reached skill level 2 in Ice Magic
  4479 | D:5      | Reached skill level 3 in Ice Magic
  4487 | D:5      | Got a pair of jewelled boots
  4498 | D:5      | Identified the cursed +0 pair of boots "Xoboguq" {Str+2
                  | Int+3} (You found it on level 5 of the Dungeon)
  5004 | D:6      | Reached skill level 4 in Ice Magic
  5032 | D:6      | Reached XP level 8. HP: 45/45 MP: 4/22
  5131 | D:5      | Reached skill level 5 in Ice Magic
  5264 | D:6      | Found a hide-covered altar of Uskayaw.
  5268 | D:6      | Noticed a -1 dagger
  5268 | D:6      | Noticed a +0 dagger
  5298 | D:6      | Reached skill level 6 in Ice Magic
  5525 | D:6      | Found Togo's Distillery.
  5560 | D:6      | Noticed Eustachio
  5588 | D:6      | Killed Eustachio
  5588 | D:6      | Reached skill level 7 in Ice Magic
  5890 | D:6      | Reached skill level 8 in Ice Magic
  5982 | D:6      | Noticed Blork the orc
  5997 | D:6      | Killed Blork the orc
  6373 | D:6      | Found a shattered altar of Ashenzari.
  6537 | D:6      | Reached skill level 9 in Ice Magic
  6573 | D:6      | Found a radiant altar of Vehumet.
  6573 | D:6      | Found a shadowy altar of Dithmenos.
  6576 | D:6      | Became a worshipper of Vehumet
  6614 | D:7      | Reached XP level 9. HP: 50/50 MP: 10/23
  6974 | D:6      | Slain by an orc warrior

Levels and vault maps discovered:
D:1:      shiori_arrival_whats_in_store_for_you, layout_basic
D:2:      layout_basic, hangedman_abyss_or_decor_lesser_grid,
          minmay_diced_spiral
D:3:      layout_basic, first_ration, uniq_grinder
D:4:      layout_rooms, minmay_temple_entry_gardened_gates, serial_shops,
          kennysheep_little_box, chequers_serial_rivers_room_b
D:5:      layout_loops_cross
D:6:      layout_cave_pools, nicolae_ashenzari_panopticon,
          gammafunk_temple_overflow_elements, dancing_weapons_uskayaw,
          serial_shops, nicolae_shop_trees, minmay_fractal_squares_diagonal_5,
          uniq_eustachio, uniq_blork_the_orc
D:7:      layout_rooms, kiku_gazebo_garden_becter
Temple:   eino_temple_rhombus

Skill      XL: |  1  2  3  4  5  6  7  8 |
---------------+-------------------------+-----
Spellcasting   | 5 6 7 8 |  8.0
Air Magic      | 3 5 |  5.0
Fighting       | 1 2 3 |  3.0
Ice Magic      | 4 9 |  9.8
Dodging        | |  2.4
Stealth        | |  2.4
Conjurations   | |  1.1
Summonings     | |  1.1
Translocations | |  1.1

Action                   |  1- 3 |  4- 6 |  7- 9 || total
-------------------------+-------+-------+-------++-------
Melee: Unarmed           |       |     1 |       ||     1
       War axe           |       |     1 |       ||     1
       Falchion          |       |       |    17 ||    17
 Cast: Magic Dart        |    68 |   123 |       ||   191
       Call Imp          |       |    12 |       ||    12
       Mephitic Cloud    |       |     1 |       ||     1
       Blink             |       |     1 |       ||     1
       Airstrike         |       |    15 |    99 ||   114
       Conjure Flame     |       |     2 |       ||     2
       Summon Ice Beast  |       |       |     1 ||     1
  Use: Scroll            |       |     6 |     1 ||     7
  Eat: Chunk             |       |     8 |    10 ||    18
       Ration            |       |       |     2 ||     2
Armor: Robe              |     1 |     9 |     8 ||    18
       Leather armour    |       |       |     7 ||     7
Dodge: Dodged            |    13 |    18 |    42 ||    73
       Rpst.: Falchion   |       |     1 |    12 ||    13

Table legend:
 A = Non-vault XP
 B = Vault XP
 C = Vault XP percentage of total XP
 D = Non-vault monster count
 E = Vault monster count
 F = Vault count percentage of total count
                 A         B        C        D         E       F
            +---------+---------+-------+---------+---------+-------
      Total |    2265 |    1033 |  31.3 |     128 |      11 |   7.9
            +---------+---------+-------+---------+---------+-------
        D:1 |      37 |       0 |   0.0 |      24 |       0 |   0.0
        D:2 |      78 |       5 |   6.0 |      17 |       3 |  15.0
        D:3 |     113 |     272 |  70.6 |      26 |       1 |   3.7
        D:4 |     258 |       0 |   0.0 |      12 |       0 |   0.0
        D:5 |     547 |     119 |  17.9 |      23 |       1 |   4.2
        D:6 |     960 |     637 |  39.9 |      20 |       6 |  23.1
        D:7 |     272 |       0 |   0.0 |       6 |       0 |   0.0
            +---------+---------+-------+---------+---------+-------
